 Dungeon Crawl Stone Soup version 0.29.0-4-gdea44cf6ec (webtiles) character file.

Game seed: 3865802839723132441

3420 qw the Cleaver (level 10, -2/65 HPs)
             Began as a Gargoyle Berserker on Sept 8, 2022.
             Was a Priest of Trog.
             Slain by an unseen horror (4 damage)
             ... on level 7 of the Dungeon.
             The game lasted 00:02:22 (7974 turns).

qw the Cleaver (Gargoyle Berserker)                 Turns: 7974, Time: 00:02:22

Health: -2/65      AC: 23    Str: 24    XL:     10   Next: 5%
Magic:  10/10      EV:  9    Int:  7    God:    Trog [***...]
Gold:   425        SH:  0    Dex: 13    Spells: 9/9 levels left

rFire   . . .      SeeInvis .   Y - +0 hand axe
rCold   + . .      Faith    .   (no shield)
rNeg    + . .      Spirit   .   f - +0 chain mail
rPois   inf        Reflect  .   h - +1 helmet
rElec   +          Harm     .   (no cloak)
rCorr   .          Rampage  .   (no gloves)
Will    +....      Clarity  +   a - +3 pair of mountain boots {steadfast, rC+}
Stlth   ..........              (no amulet)
HPRegen 0.20/turn               b - ring of willpower
MPRegen 0.12/turn               e - +4 ring of slaying {mikee}

@: no status effects
A: sickness immunity, AC +7, negative energy resistance 1, electricity
resistance, torment resistance 1, petrification resistance, agile 1, clarity
a: Renounce Religion, Berserk, Trog's Hand


You were on level 7 of the Dungeon.
You worshipped Trog.
Trog was most pleased with you.
You visited 1 branch of the dungeon, and saw 7 of its levels.

You collected 425 gold pieces.


Innate Abilities, Weirdness & Mutations

You are immune to sickness and miasma.
Your stone body is resilient. (AC +7)
You are immune to poison.
You resist negative energy. (rN+)
You are resistant to electric shocks. (rElec)
You are resistant to unholy torment.
You are immune to petrification.
You are agile. (Dex +4, Str/Int -1)
You possess an exceptional clarity of mind.


   Skills:
 - Level 8.5 Fighting
 + Level 10.0 Axes
 - Level 1.3 Throwing
 - Level 6.1 Armour
 - Level 2.3 Dodging


You had 9 spell levels left.
You didn't know any spells.
Your spell library was empty.

Inventory:

Hand Weapons
 g - a +0 morningstar
 Y - a +0 hand axe (weapon)
Missiles
 u - 6 boomerangs (quivered)
Armour
 a - the +3 pair of mountain boots (worn) {steadfast, rC+}
   (You acquired it on level 2 of the Dungeon)

   It prevents involuntary movement, except for blinking, teleportation, or
   banishment.
   rC:        It protects you from cold.
 f - a +0 chain mail (worn)
 h - a +1 helmet (worn)
 j - a +0 kite shield
Jewellery
 b - a ring of willpower (left hand)
 e - a +4 ring of slaying (right hand) {mikee}
 q - a +6 ring of intelligence
Wands
 l - a wand of digging (4)
Scrolls
 i - a scroll of identify
 k - 2 scrolls of teleportation
 m - a scroll of noise {unknown}
 o - a scroll of vulnerability {unknown}
Potions
 c - a potion of heal wounds
 d - 6 potions of curing
 n - 2 potions of resistance
 p - 3 potions of mutation
 t - a potion of might
 w - 3 potions of lignification {unknown}

Dungeon Overview and Level Annotations

Branches:
Dungeon (7/15)             Temple (0/1) D:5

Altars:
Elyvilon
Fedhas
Gozag
Kikubaaqudgha
Nemelex Xobeh
Qazlal
Ru
Sif Muna
Trog
Uskayaw
Wu Jian
Yredelemnul
Zin

Annotations:
D:4 1 runed translucent door, Crazy Yiuf


Message History

There is a strange disturbance nearby!
There is a strange disturbance nearby!
Something hits you but does no damage.
Deactivating autopickup; reactivate with Ctrl-A.
You swing at nothing.
Something hits you.
You hit something. Something hits you but does no damage.
You swing at nothing.
Something hits you but does no damage.
You closely miss something. Something hits you but does no damage.
Something hits you.
You hit something. Something hits you.
You slash something! Something hits you but does no damage.
You swing at nothing.
You hit something but do no damage. Something hits you.
You swing at nothing.
Something hits you but does no damage.
You barely miss something. Something hits you but does no damage.
You swing at nothing.
Something hits you but does no damage.
You hit something. Something hits you but does no damage.
You swing at nothing.
Something hits you but does no damage.
You barely miss something. Something hits you! Something hits you.
You miss something. Something hits you.
You hit something. Something hits you but does no damage.
You swing at nothing.
Something hits you. Something hits you!
You closely miss something. Something hits you.
You die...

##...#.#.#.#.#
.....#...#.#..
####(#####+####
#.##.......#####
##.#..#####..#..
#..#.## ##.#.# .
##..#.# #)#.#
..[ ##...'.#
#%))##...##
.....#.#
#.#@.....=#
##...#.#
#.##.#(#.##
#...#.. z.# .# #
#..:##.. ..## ..
#...# ### ###
### #.... #....
#....


There were no monsters in sight!

Vanquished Creatures
  A two-headed ogre (D:7)
  An ugly thing (D:7)
  A slime creature (D:7)
  Sigmund (D:4)
  2 wyverns (D:7)
  A vampire mosquito (D:7)
  Duvessa (D:4)
  A black bear (D:5)
  2 ogres
  A gnoll sergeant (D:7)
  3 necrophages
  4 scorpions
  A wight (D:7)
  Dowan (D:4)
  A howler monkey (D:7)
  3 hounds
  3 jellies
  An orc priest (D:4)
  A gnoll bouda (D:5)
  5 iguanas
  2 orc wizards
  Robin (D:4)
  11 gnolls
  6 adders
  A white imp (D:5)
  A worm (D:3)
  2 dart slugs
  21 orcs
  5 endoplasms
  6 giant cockroaches
  15 goblins
  3 hobgoblins
  9 jackals
  2 kobolds
  3 quokkas
  3 ball pythons
  4 bats (D:2)
  4 frilled lizards
  A rat (D:2)
135 creatures vanquished.

Vanquished Creatures (others)
  11 plants (D:5)
11 creatures vanquished.

Grand Total: 146 creatures vanquished

Notes
Turn   | Place    | Note
-------+----------+-------------------------------------------
     0 | D:1      | qw the Gargoyle Berserker began the quest for the Orb.
     0 | D:1      | Reached XP level 1. HP: 14/14 MP: 1/1
     0 | D:1      | 0 ||| qw: Version: 0.1-a-111-g1c1fd2e
     0 | D:1      | 0 ||| qw: Game counter: 6589
     0 | D:1      | 0 ||| qw: Always use a shield: true
     0 | D:1      | 0 ||| qw: Do Orc after D:15 true
     0 | D:1      | 0 ||| qw: Do second Lair branch before Depths: true
     0 | D:1      | 0 ||| qw: Lair rune preference: random
     0 | D:1      | 0 ||| qw: Plans: Normal
     0 | D:1      | 0 ||| PLANNING D:1-11
   154 | D:1      | 154 ||| Stepping ~*~*~tactically~*~*~ (stealth).
   169 | D:1      | 169 ||| INVOKING Berserk.
   171 | D:1      | Reached skill level 3 in Axes
   212 | D:1      | 212 ||| Stepping ~*~*~tactically~*~*~ (stealth).
   215 | D:1      | 215 ||| Stepping ~*~*~tactically~*~*~ (stealth).
   225 | D:1      | 225 ||| INVOKING Berserk.
   227 | D:1      | Reached XP level 2. HP: 9/19 MP: 2/2
   787 | D:1      | Found a faded altar of an unknown god.
  1121 | D:1      | 1121 ||| UPGRADING to +0 leather armour.
  1131 | D:1      | 1131 ||| DROPPING +0 animal skin.
  1132 | D:1      | 1132 ||| UPGRADING to +0 chain mail.
  1142 | D:1      | 1142 ||| DROPPING +0 leather armour.
  1204 | D:2      | Reached XP level 3. HP: 20/23 MP: 3/3
  1511 | D:2      | 1511 ||| Stepping ~*~*~tactically~*~*~ (stealth).
  1512 | D:2      | 1512 ||| Stepping ~*~*~tactically~*~*~ (stealth).
  1518 | D:2      | Reached skill level 4 in Axes
  1586 | D:2      | 1586 ||| DROPPING +0 club.
  1608 | D:2      | Reached ** piety under Trog
  1629 | D:2      | Reached XP level 4. HP: 26/28 MP: 4/4
  2078 | D:2      | 2078 ||| DROPPING amulet of magic regeneration.
  2079 | D:2      | 2079 ||| READING scroll labelled ZASHIMPEBA.
  2079 | D:2      | Identified a scroll of acquirement
  2079 | D:2      | 2079 ||| ACQUIRING +3 pair of mountain boots {steadfast,
                  | rC+}
  2079 | D:2      | Acquired the +3 pair of mountain boots {steadfast, rC+}
  2079 | D:2      | Found the +3 pair of mountain boots {steadfast, rC+}
  2081 | D:2      | 2081 ||| UPGRADING to +3 pair of mountain boots {steadfast,
                  | rC+}.
  2086 | D:2      | 2086 ||| READING 2 scrolls labelled UFANIH XYIREWA.
  2087 | D:2      | 2087 ||| READING scroll labelled ENAFEDD ROHIDIGY.
  2088 | D:2      | 2088 ||| READING scroll labelled YMIS NAGYORUTT.
  2089 | D:2      | 2089 ||| DRINKING 2 fizzy brown potions.
  2090 | D:2      | 2090 ||| DRINKING 2 fizzy red potions.
  2537 | D:3      | Found a hide-covered altar of Uskayaw.
  2538 | D:3      | Found a bloodstained altar of Trog.
  2539 | D:3      | Found a glowing silver altar of Zin.
  2540 | D:3      | Found an ancient bone altar of Kikubaaqudgha.
  2540 | D:3      | Found an opulent altar of Gozag.
  2540 | D:3      | Found a sparkling altar of Nemelex Xobeh.
  2541 | D:3      | Found an ornate altar of the Wu Jian Council.
  2542 | D:3      | Found a basalt altar of Yredelemnul.
  2542 | D:3      | Found a sacrificial altar of Ru.
  2543 | D:3      | Found a white marble altar of Elyvilon.
  2544 | D:3      | Found a stormy altar of Qazlal.
  2544 | D:3      | Found a blossoming altar of Fedhas.
  2545 | D:3      | Found a shimmering blue altar of Sif Muna.
  2829 | D:3      | 2829 ||| Stepping ~*~*~tactically~*~*~ (hiding).
  2836 | D:3      | 2836 ||| INVOKING Berserk.
  2845 | D:3      | Reached skill level 5 in Axes
  2954 | D:3      | 2954 ||| UPGRADING to ring of willpower.
  2955 | D:3      | 2955 ||| UPGRADING to +4 ring of slaying {mikee}.
  2956 | D:3      | 2956 ||| READING scroll labelled PAIPOCK WUORCH.
  2959 | D:3      | 2959 ||| READING 2 scrolls labelled SATZEK ATECE.
  2960 | D:3      | 2960 ||| DRINKING 3 fuming puce potions.
  2961 | D:3      | 2961 ||| DRINKING 2 sedimented sapphire potions.
  2962 | D:3      | 2962 ||| DRINKING 3 pink potions.
  2962 | D:3      | Gained mutation: You are dopey. (Int -2) [potion of
                  | mutation]
  2962 | D:3      | Lost mutation: You are dopey. (Int -2) [potion of mutation]
  2962 | D:3      | Gained mutation: You possess an exceptional clarity of
                  | mind. [potion of mutation]
  2962 | D:3      | Gained mutation: You are agile. (Dex +4, Str/Int -1)
                  | [potion of mutation]
  2963 | D:3      | 2963 ||| READING 2 scrolls of identify.
  2963 | D:3      | 2963 ||| IDENTIFYING emerald potion
  2964 | D:3      | 2964 ||| DROPPING potion of flight.
  2965 | D:3      | 2965 ||| DROPPING potion of ambrosia.
  2966 | D:3      | 2966 ||| DROPPING scroll of poison.
  3143 | D:4      | Found a runed translucent door.
  3144 | D:4      | Noticed Crazy Yiuf
  3181 | D:4      | Noticed Dowan
  3181 | D:4      | Noticed Duvessa
  3182 | D:4      | 3182 ||| INVOKING Berserk.
  3190 | D:4      | Killed Duvessa
  3191 | D:4      | Reached XP level 5. HP: 34/34 MP: 5/5
  3192 | D:4      | Killed Dowan
  3193 | D:4      | Reached XP level 6. HP: 40/40 MP: 6/6
  3402 | D:4      | 3402 ||| INVOKING Berserk.
  3435 | D:4      | Noticed Robin
  3444 | D:4      | Killed Robin
  3458 | D:4      | 3458 ||| FLEEEEING.
  3459 | D:4      | 3459 ||| FLEEEEING.
  3460 | D:4      | 3460 ||| FLEEEEING.
  3461 | D:4      | 3461 ||| FLEEEEING.
  3462 | D:4      | 3462 ||| FLEEEEING.
  3463 | D:4      | 3463 ||| FLEEEEING.
  3464 | D:4      | 3464 ||| FLEEEEING.
  3465 | D:4      | 3465 ||| FLEEEEING.
  3467 | D:4      | 3467 ||| FLEEEEING.
  3468 | D:4      | 3468 ||| FLEEEEING.
  3469 | D:4      | 3469 ||| FLEEEEING.
  3470 | D:4      | 3470 ||| FLEEEEING.
  3471 | D:4      | 3471 ||| FLEEEEING.
  3472 | D:4      | 3472 ||| FLEEEEING.
  3473 | D:4      | 3473 ||| FLEEEEING.
  3516 | D:4      | 3516 ||| Stepping ~*~*~tactically~*~*~ (stealth).
  3517 | D:4      | 3517 ||| Stepping ~*~*~tactically~*~*~ (stealth).
  3519 | D:4      | 3519 ||| Stepping ~*~*~tactically~*~*~ (stealth).
  3524 | D:4      | 3524 ||| Stepping ~*~*~tactically~*~*~ (stealth).
  3525 | D:4      | 3525 ||| DROPPING +0 mace.
  3533 | D:4      | 3533 ||| Stepping ~*~*~tactically~*~*~ (stealth).
  3535 | D:4      | 3535 ||| Stepping ~*~*~tactically~*~*~ (stealth).
  3582 | D:4      | 3582 ||| Stepping ~*~*~tactically~*~*~ (stealth).
  3586 | D:4      | 3586 ||| Stepping ~*~*~tactically~*~*~ (stealth).
  3626 | D:4      | 3626 ||| Stepping ~*~*~tactically~*~*~ (stealth).
  3632 | D:4      | 3632 ||| Stepping ~*~*~tactically~*~*~ (stealth).
  3643 | D:4      | 3643 ||| Stepping ~*~*~tactically~*~*~ (stealth).
  3644 | D:4      | 3644 ||| Stepping ~*~*~tactically~*~*~ (stealth).
  3669 | D:4      | 3669 ||| Stepping ~*~*~tactically~*~*~ (stealth).
  4220 | D:4      | Noticed Sigmund
  4224 | D:4      | 4224 ||| INVOKING Berserk.
  4225 | D:4      | 4225 ||| INVOKING Berserk.
  4232 | D:4      | Killed Sigmund
  4233 | D:4      | Reached skill level 6 in Axes
  4233 | D:4      | Reached XP level 7. HP: 44/44 MP: 7/7
  4420 | D:4      | 4420 ||| UPGRADING to +1 helmet.
  4648 | D:5      | Entered Level 5 of the Dungeon
  4676 | D:5      | 4676 ||| INVOKING Berserk.
  4811 | D:5      | Reached skill level 3 in Armour
  4886 | D:5      | 4886 ||| Stepping ~*~*~tactically~*~*~ (stealth).
  4984 | D:5      | 4984 ||| INVOKING Berserk.
  5103 | D:5      | Reached skill level 1 in Throwing
  5323 | D:5      | Reached skill level 7 in Axes
  5340 | D:5      | 5340 ||| INVOKING Berserk.
  5344 | D:5      | Reached XP level 8. HP: 50/50 MP: 8/8
  5457 | D:5      | 5457 ||| Stepping ~*~*~tactically~*~*~ (stealth).
  5462 | D:5      | 5462 ||| Stepping ~*~*~tactically~*~*~ (stealth).
  5602 | D:5      | Found a staircase to the Ecumenical Temple.
  5760 | D:5      | Reached *** piety under Trog
  6017 | D:5      | 6017 ||| INVOKING Berserk.
  6135 | D:5      | Reached skill level 8 in Axes
  6135 | D:5      | 6135 ||| INVOKING Berserk.
  6317 | D:5      | 6317 ||| READING 2 scrolls labelled POMOEDAROA.
  6318 | D:5      | 6318 ||| READING scroll labelled UTHRAU LEWAVVAG.
  6377 | D:5      | 6377 ||| DRINKING 2 glowing red potions.
  6378 | D:5      | 6378 ||| DROPPING scroll of fog.
  6379 | D:5      | 6379 ||| DROPPING potion of brilliance.
  6558 | D:6      | Identified the +9 sling of the Poles {venom, rPois}
  6593 | D:6      | Reached skill level 6 in Fighting
  6626 | D:6      | 6626 ||| INVOKING Berserk.
  6635 | D:6      | 6635 ||| Stepping ~*~*~tactically~*~*~ (stealth).
  7122 | D:6      | 7122 ||| DRINKING 3 puce potions.
  7162 | D:6      | 7162 ||| Stepping ~*~*~tactically~*~*~ (stealth).
  7163 | D:6      | 7163 ||| Stepping ~*~*~tactically~*~*~ (stealth).
  7164 | D:6      | 7164 ||| DRINKING 2 viscous emerald potions.
  7165 | D:6      | 7165 ||| READING 3 scrolls of identify.
  7165 | D:6      | 7165 ||| IDENTIFYING smoky sapphire potion
  7166 | D:6      | 7166 ||| READING 2 scrolls of identify.
  7166 | D:6      | 7166 ||| IDENTIFYING dark potion
  7167 | D:6      | 7167 ||| DROPPING potion of attraction.
  7168 | D:6      | 7168 ||| DROPPING 2 potions of berserk rage.
  7177 | D:6      | 7177 ||| DROPPING potion of magic.
  7219 | D:7      | Noticed a wyvern
  7223 | D:7      | Killed a wyvern
  7228 | D:7      | Reached skill level 9 in Axes
  7228 | D:7      | Reached XP level 9. HP: 43/55 MP: 9/9
  7244 | D:7      | 7244 ||| INVOKING Berserk.
  7429 | D:7      | 7429 ||| Stepping ~*~*~tactically~*~*~ (hiding).
  7439 | D:7      | 7439 ||| Stepping ~*~*~tactically~*~*~ (stealth).
  7510 | D:7      | 7510 ||| INVOKING Berserk.
  7514 | D:7      | HP: 16/84 [wyvern (8)]
  7786 | D:7      | Noticed a two-headed ogre
  7787 | D:7      | 7787 ||| Stepping ~*~*~tactically~*~*~ (stealth).
  7793 | D:7      | 7793 ||| INVOKING Berserk.
  7793 | D:7      | Noticed a purple ugly thing
  7805 | D:7      | Killed a two-headed ogre
  7806 | D:7      | Reached skill level 10 in Axes
  7813 | D:7      | Killed a purple ugly thing
  7835 | D:7      | 7835 ||| Stepping ~*~*~tactically~*~*~ (stealth).
  7895 | D:7      | 7895 ||| Stepping ~*~*~tactically~*~*~ (stealth).
  7903 | D:7      | 7903 ||| INVOKING Berserk.
  7907 | D:7      | Reached skill level 6 in Armour
  7907 | D:7      | Reached XP level 10. HP: 33/65 MP: 10/10
  7971 | D:7      | HP: 12/65 [something (5)]
  7973 | D:7      | HP: 2/65 [something (8)]
  7974 | D:7      | Slain by an unseen horror

Levels and vault maps discovered:
D:1:      minmay_arrival_widening_spiral_wide, layout_basic,
          shapermc_ecumenical_altar_notcrosses
D:2:      layout_basic, st_stairs_11
D:3:      layout_rooms, nicolae_overflows_in_rows, grunt_ministairs_14,
          kennysheep_flooded_box
D:4:      layout_basic, grunt_ministairs_15, uniq_crazy_yiuf_cottage,
          uniq_duvessa, uniq_robin, uniq_sigmund
D:5:      layout_basic, minmay_temple_entry_statues_pillars,
          serial_bayou_pond_c, grunt_decor_mini_mirrors,
          minmay_misc_feat_ornament, eino_small_chamber_without_monster
D:6:      layout_loops_cross
D:7:      layout_rooms, minmay_the_grid_2x2 [minmay_the_grid_broken_lines,
          minmay_the_grid_rooms, minmay_the_grid_small_cups,
          minmay_the_grid_prize_inner_circle]

Skill      XL: |  1  2  3  4  5  6  7  8  9 |
---------------+----------------------------+-----
Axes           | 3 4 5 6 7 9 10 | 10.0
Fighting       | 4 5 6 8 |  8.5
Armour         | 3 4 6 |  6.1
Throwing       | 1 |  1.3
Dodging        | 2 |  2.3

Action                   |  1- 3 |  4- 6 |  7- 9 | 10-12 || total
-------------------------+-------+-------+-------+-------++-------
Melee: Hand axe          |   101 |   137 |   199 |     6 ||   443
       Punch             |     1 |     1 |     3 |       ||     5
Throw: Boomerang         |       |       |    34 |       ||    34
Invok: Berserk           |     2 |     4 |    10 |       ||    16
  Use: Scroll            |       |     7 |     4 |       ||    11
       Potion            |       |     5 |     3 |       ||     8
Armor: Animal skin       |    19 |       |       |       ||    19
       Chain mail        |    46 |    62 |    90 |    11 ||   209
Dodge: Dodged            |    56 |    40 |    53 |       ||   149

Table legend:
 A = Non-vault XP
 B = Vault XP
 C = Vault XP percentage of total XP
 D = Non-vault monster count
 E = Vault monster count
 F = Vault count percentage of total count
                 A         B        C        D         E       F
            +---------+---------+-------+---------+---------+-------
      Total |    2322 |    2565 |  52.5 |      98 |      37 |  27.4
            +---------+---------+-------+---------+---------+-------
        D:1 |      29 |       0 |   0.0 |      14 |       0 |   0.0
        D:2 |      45 |      16 |  26.2 |      12 |       3 |  20.0
        D:3 |      31 |      46 |  59.7 |       9 |       5 |  35.7
        D:4 |      29 |     529 |  94.8 |       9 |      20 |  69.0
        D:5 |     964 |       0 |   0.0 |      33 |       0 |   0.0
        D:6 |     386 |       0 |   0.0 |       6 |       0 |   0.0
        D:7 |     838 |    1974 |  70.2 |      15 |       9 |  37.5
            +---------+---------+-------+---------+---------+-------
